 Dungeon Crawl Stone Soup version 0.30-a0-715-gdb4ae3ece1 (webtiles) character file.

Game seed: 7525100317307193564

419 wormed the Fighter (level 6, -3/56 (57) HPs)
             Began as a Gnoll Wanderer on Jan 24, 2023.
             Was a Follower of Cheibriados.
             Slain by an orc
             ... wielding a +0 hand axe
              (5 damage)
             ... in the Ecumenical Temple.
             The game lasted 00:07:21 (4843 turns).

wormed the Fighter (Gnoll Wanderer)                 Turns: 4843, Time: 00:07:21

HP:   -3/56 (57)    AC:  3    Str:  7    XL:     6   Next: 93%
MP:   9/9           EV: 17    Int: 17    God:    Cheibriados [*.....]
Gold: 294           SH:  0    Dex: 25    Spells: 9/9 levels left

rFire   . . .      SeeInvis .    u - +0 sling
rCold   . . .      Faith    .    (no shield)
rNeg    . . .      Spirit   .    d - +0 leather armour
rPois   .          Reflect  .    (no helmet)
rElec   .          Harm     .    (no cloak)
rCorr   .          Rampage  .    (no gloves)
Will    .....                    (no boots)
Stlth   ++                       j - amulet of the acrobat
HPRegen 0.29/turn                s - ring "Puestearu" {EV+5 Str-5 Int+4 Dex+8 Stlth-}
MPRegen 0.11/turn                (no ring)

@: lightly drained, very slow
A: fangs 1, strong nose, distributed training
a: Renounce Religion, Bend Time


You were in the Ecumenical Temple.
You worshipped Cheibriados.
Cheibriados was aware of your devotion.
You visited 2 branches of the dungeon, and saw 6 of its levels.
You also visited: Sewer.

You collected 1025 gold pieces.
You spent 731 gold pieces at shops.

Inventory:

Hand Weapons
 u - a +0 sling (weapon)
Missiles
 b - 3 poisoned darts
Armour
 d - a +0 leather armour (worn)
Jewellery
 e - a ring of ice
 j - an amulet of the acrobat (around neck)
 p - a ring of fire
 s - the ring "Puestearu" (left hand) {EV+5 Str-5 Int+4 Dex+8 Stlth-}
   (You bought it in a shop on level 1 of the Dungeon)

   [ring of evasion]

   EV:        It affects your evasion (+5).
   Str:       It affects your strength (-5).
   Int:       It affects your intelligence (+4).
   Dex:       It affects your dexterity (+8).
   Stlth:     It makes you less stealthy.
Scrolls
 c - 7 scrolls of teleportation
 i - a scroll of identify
Potions
 f - a potion of degeneration
 g - a potion of ambrosia {unknown}
 h - 3 potions of heal wounds {unknown}
 k - a potion of curing {unknown}
 m - 2 potions of lignification {unknown}
 n - 2 potions of attraction {unknown}
 o - 2 potions of brilliance
 q - a potion of might
 r - a potion of flight {unknown}
 t - 2 potions of magic {unknown}


   Skills:
 + Level 8.8 Fighting
 + Level 2.2 Short Blades
 + Level 2.2 Long Blades
 + Level 2.2 Axes
 + Level 2.2 Maces & Flails
 + Level 6.9 Polearms
 + Level 2.2 Staves
 + Level 5.1 Ranged Weapons
 + Level 2.2 Throwing
 + Level 2.2 Armour
 + Level 2.2 Dodging
 + Level 3.3 Stealth
 + Level 2.2 Shields
 + Level 2.2 Unarmed Combat
 + Level 2.2 Spellcasting
 + Level 1.8 Conjurations
 + Level 1.8 Hexes
 + Level 1.8 Summonings
 + Level 1.8 Necromancy
 + Level 1.8 Translocations
 + Level 1.8 Transmutations
 + Level 1.8 Fire Magic
 + Level 1.8 Ice Magic
 + Level 1.8 Air Magic
 + Level 1.8 Earth Magic
 + Level 1.8 Poison Magic
 + Level 2.5 Invocations
 + Level 2.2 Evocations


You had 9 spell levels left.
You didn't know any spells.
Your spell library contained the following spells:

 Spells                   Type           Power      Damage    Failure   Level
 Sting                    Tmut/Pois      32%        1d4       13%         1
 Ensorcelled Hibernation  Hex/Ice        16%        N/A       21%         2
 Poisonous Vapours        Pois/Air       16%        N/A       21%         2
 Scorch                   Fire           16%        2d5       21%         2
 Static Discharge         Conj/Air       16%        2-3/arc   21%         2
 Spider Form              Tmut/Pois      8%         N/A       36%         3
 Vhi's Electric Charge    Tloc/Air       16%        N/A       36%         3
 Anguish                  Hex/Necr       4%         N/A       78%         4
 Flame Wave               Conj/Fire      8%         2d5       78%         4
 Olgreb's Toxic Radiance  Pois           8%         N/A       78%         4
 Arcjolt                  Conj/Air       4%         1d14      98%         5
 Lightning Bolt           Conj/Air       4%         1d15      98%         5
 Summon Cactus Giant      Summ           4%         N/A       100%        6


Dungeon Overview and Level Annotations

Branches:
Dungeon (5/15)             Temple (1/1) D:5           Sewer (visited)

Altars:
Ashenzari
Cheibriados
Fedhas
Hepliaklqana
Kikubaaqudgha
Makhleb
Nemelex Xobeh
Okawaru
Qazlal
Ru
Sif Muna
Trog
Uskayaw
Vehumet
Wu Jian
Xom
Yredelemnul
Zin
The Shining One

Shops:
D:1 =:=

Annotations:
D:3 1 runed translucent door, Crazy Yiuf


Innate Abilities, Weirdness & Mutations

You have very sharp teeth.
Your uncanny sense of smell can sniff out nearby items.
Your experience applies equally to all skills.


Message History

Beogh smites you!
You shoot a sling bullet. The sling bullet hits the orc!
You kill the orc!
Cheibriados appreciates the change of pace.
You can now bend time to slow others.
Cheibriados raises the support of your attributes as your movement slows.
The orc priest mumbles some strange prayers to Beogh against you.
Beogh smites you!
You shoot a sling bullet.
The sling bullet hits the orc priest but does no damage.
You shoot a sling bullet.
The sling bullet barely misses the orc priest.
The sling bullet barely misses the orc.
The orc priest barely misses you.
The orc priest invokes the aid of Beogh against you.
Beogh smites you!
There is a staircase to the Ecumenical Temple here.
The orc hits you but does no damage. The orc priest hits you with a +0 club.
* * * LOW HITPOINT WARNING * * *
You climb downwards.
Welcome back to the Ecumenical Temple!
There is a staircase back to the Dungeon here.
You shoot a sling bullet.
The sling bullet closely misses the orc priest.
The orc priest hits you with a +0 club.
* * * LOW HITPOINT WARNING * * *
The orc barely misses you.
You shoot a sling bullet. The sling bullet hits the orc priest.
The orc priest is lightly wounded.
The orc priest hits you but does no damage.
The orc closely misses you.
You shoot a sling bullet. The sling bullet hits the orc priest.
The orc priest is heavily wounded.
The orc priest invokes the aid of Beogh against you.
Beogh smites you!
* * * LOW HITPOINT WARNING * * *
The orc hits you with a +0 hand axe.
* * * LOW HITPOINT WARNING * * *
It was a potion of cancellation.
You feel magically purged.
The orc priest miscasts a cantrip.
The orc hits you with a +0 hand axe.
You die...

○..☼○○○.○.☼.○☼.
○☼☼☼.○○○○○○☼.○☼#
○☼..○.☼°☼☼....○#
.☼._._._._._☼☼.#
○☼○.........☼☼○#
○☼☼_........○☼.#
☼°☼....o....☼☼.#
☼○°_...@..._○☼.#
○.○.....o....☼○#
☼○°_......._.☼☼#
☼☼...........☼☼#
○☼☼_._._._._.°○#
☼...○☼○.○..○..☼#
○☼°☼☼☼☼☼.○☼☼.°☼#
....☼.○☼☼.☼☼.○○#
###############


You could see an orc priest and an orc.

Vanquished Creatures
  2 hounds (D:5)
  Jessica (D:2)
  An orc wizard (D:5)
  A hell rat (Sewer)
  5 river rats
  12 adders
  An ufetubus (D:4)
  5 worms
  4 dart slugs
  11 orcs
  5 bats
  10 endoplasms
  2 giant cockroaches
  6 goblins
  6 hobgoblins
  6 jackals
  6 kobolds
  4 quokkas
  4 ball pythons
  5 frilled lizards
  9 rats
106 creatures vanquished.

Notes
Turn   | Place    | Note
-------+----------+-------------------------------------------
     0 | D:1      | wormed the Gnoll Wanderer began the quest for the Orb.
     0 | D:1      | wormed set off with the following items: a +3 spear, a +0
                  | sling, a scroll of teleportation, a +0 leather armour.
     0 | D:1      | Reached XP level 1. HP: 26/26 MP: 1/1
    66 | D:1      | Reached XP level 2. HP: 33/33 MP: 2/2
    99 | D:1      | Found Plog's Jewellery Boutique.
   196 | D:1      | Found a faded altar of an unknown god.
   322 | D:1      | Found Odar's Book Shoppe.
   500 | D:1      | Found Kontim's Jewellery Shop.
   566 | D:1      | Reached XP level 3. HP: 38/38 MP: 3/3
   828 | D:2      | Reached skill level 1 in Invocations
   981 | D:2      | Reached skill level 1 in Short Blades
   981 | D:2      | Reached skill level 1 in Long Blades
   981 | D:2      | Reached skill level 1 in Axes
   981 | D:2      | Reached skill level 1 in Maces & Flails
   981 | D:2      | Reached skill level 1 in Staves
   981 | D:2      | Reached skill level 1 in Throwing
   981 | D:2      | Reached skill level 1 in Armour
   981 | D:2      | Reached skill level 1 in Dodging
   981 | D:2      | Reached skill level 1 in Shields
   981 | D:2      | Reached skill level 1 in Unarmed Combat
   981 | D:2      | Reached skill level 1 in Spellcasting
   981 | D:2      | Reached skill level 1 in Evocations
  1071 | D:2      | Reached XP level 4. HP: 45/45 MP: 5/5
  1214 | D:2      | Noticed Jessica
  1221 | D:2      | Killed Jessica
  1222 | D:2      | Reached skill level 1 in Conjurations
  1222 | D:2      | Reached skill level 1 in Hexes
  1222 | D:2      | Reached skill level 1 in Summonings
  1222 | D:2      | Reached skill level 1 in Necromancy
  1222 | D:2      | Reached skill level 1 in Translocations
  1222 | D:2      | Reached skill level 1 in Transmutations
  1222 | D:2      | Reached skill level 1 in Fire Magic
  1222 | D:2      | Reached skill level 1 in Ice Magic
  1222 | D:2      | Reached skill level 1 in Air Magic
  1222 | D:2      | Reached skill level 1 in Earth Magic
  1222 | D:2      | Reached skill level 1 in Poison Magic
  1301 | D:2      | Identified the +1 long sword of Lacixys {holy, rC+ Str+3}
  1808 | D:3      | Identified the +4 robe of Dogmatism {Contam Harm Dex+2}
  1822 | D:3      | Reached XP level 5. HP: 19/51 MP: 7/7
  2372 | D:3      | Found a runed translucent door.
  2373 | D:3      | Noticed Crazy Yiuf
  2626 | D:3      | Found a radiant altar of Vehumet.
  2626 | D:3      | Found a shimmering blue altar of Sif Muna.
  2627 | D:3      | Found a hazy altar of Hepliaklqana.
  2630 | D:3      | Found a blossoming altar of Fedhas.
  3764 | D:5      | Entered Level 5 of the Dungeon
  3771 | D:5      | Reached XP level 6. HP: 57/57 MP: 8/8
  3785 | D:5      | Reached skill level 5 in Ranged Weapons
  3939 | D:5      | Found a staircase to the Ecumenical Temple.
  3965 | Temple   | Entered the Ecumenical Temple
  3970 | Temple   | Became a worshipper of Cheibriados the Contemplative
  4315 | D:5      | Found a glowing drain.
  4361 | Sewer    | Entered a sewer
  4591 | D:4      | Identified a scroll of acquirement
  4591 | D:4      | Acquired 814 gold pieces
  4642 | D:1      | Bought the ring "Puestearu" {EV+5 Str-5 Int+4 Dex+8 Stlth-}
                  | for 731 gold pieces
  4833 | D:5      | Reached * piety under Cheibriados
  4842 | Temple   | HP: 1/56 [orc/+0 hand axe (4)]
  4843 | Temple   | Slain by an orc

Illustrated notes

Levels and vault maps discovered:
D:1:      dpeg_arrival_stone_temple_mockup, layout_basic, serial_shops,
          nicolae_shop_stone, shop, nicolae_shop_behind_doors,
          shapermc_ecumenical_altar_gd, amcnicky_mini_corridor_feature,
          minmay_tree_intersection
D:2:      minmay_spotlight, layout_basic, uniq_jessica
D:3:      layout_loops_cross, minitemple, minmay_fractal_squares_diagonal_5,
          uniq_crazy_yiuf_cottage
D:4:      layout_rooms
D:5:      layout_rooms, minmay_temple_entry_sparse_star,
          gammafunk_ghost_nasty_kobolds, lightli_sewer_entry_pipes
Temple:   minmay_freezing_vapour_temple

Skill      XL: |  1  2  3  4  5  6 |
---------------+-------------------+-----
Invocations    | 1 2 |  2.5
Short Blades   | 1 2 |  2.2
Long Blades    | 1 2 |  2.2
Axes           | 1 2 |  2.2
Maces & Flails | 1 2 |  2.2
Staves         | 1 2 |  2.2
Throwing       | 1 2 |  2.2
Armour         | 1 2 |  2.2
Dodging        | 1 2 |  2.2
Shields        | 1 2 |  2.2
Unarmed Combat | 1 2 |  2.2
Spellcasting   | 1 2 |  2.2
Evocations     | 1 2 |  2.2
Conjurations   | 1 |  1.8
Hexes          | 1 |  1.8
Summonings     | 1 |  1.8
Necromancy     | 1 |  1.8
Translocations | 1 |  1.8
Transmutations | 1 |  1.8
Fire Magic     | 1 |  1.8
Ice Magic      | 1 |  1.8
Air Magic      | 1 |  1.8
Earth Magic    | 1 |  1.8
Poison Magic   | 1 |  1.8
Stealth        | 3 |  3.3
Ranged Weapons | 5 |  5.1
Fighting       | |  8.8
Polearms       | |  6.9

Action                     |  1- 3 |  4- 6 || total
---------------------------+-------+-------++-------
  Melee: Spear             |    81 |   181 ||   262
         Bite              |     1 |    16 ||    17
         Long sword        |       |    69 ||    69
         Punch             |       |     2 ||     2
   Fire: Sling             |       |    10 ||    10
    Use: Scroll            |       |     7 ||     7
         Potion            |       |     1 ||     1
   Stab: Sleeping          |     6 |    11 ||    17
         Distracted        |     1 |     1 ||     2
 Armour: Leather armour    |    18 |    39 ||    57
         Gold dragon scale |       |     3 ||     3
  Dodge: Dodged            |    28 |   122 ||   150

Table legend: (Time is in decaauts)
 A = Elapsed time spent in this place.
 B = Non-inter-level travel time spent in this place.
 C = Inter-level travel time spent in this place.
 D = Time resting spent in this place.
 E = Time spent auto-exploring this place.
 F = Levels seen in this place.
 G = Mean time per level.
                   A        B        C        D        E       F      G
               +--------+--------+--------+--------+--------+-----+--------+
         Total |   4988 |   4314 |    674 |      0 |   3471 |   7 |  712.6 |
       Dungeon |   4751 |   4077 |    674 |      0 |   3310 |   5 |  950.2 |
        Temple |     17 |     17 |      0 |      0 |      0 |   1 |   17.0 |
         Sewer |    219 |    219 |      0 |      0 |    160 |   1 |  219.0 |
               +--------+--------+--------+--------+--------+-----+--------+

Top non-repeatable levels by time:
     D:3: 1687 daAuts
     D:2: 1022 daAuts
     D:1: 814 daAuts
     D:5: 673 daAuts
     D:4: 554 daAuts
   Sewer: 219 daAuts
  Temple: 17 daAuts
